 Dungeon Crawl Stone Soup version 0.24-a0-462-ge24419a6ad (console) character file.

Game seed: 12499423530009861819

32 Lexodia the Skirmisher (level 3, 0/29 HPs)
             Began as a Demonspawn Fighter on July 1, 2019.
             Was a Follower of Yredelemnul.
             Slain by a river rat (7 damage)
             ... on level 3 of the Dungeon.
             The game lasted 00:01:46 (230 turns).

Lexodia the Skirmisher (Demonspawn Fighter)          Turns: 230, Time: 00:01:47

Health: 0/29       AC:  6    Str: 17    XL:     3   Next: 10%
Magic:  3/3        EV:  7    Int:  9    God:    Yredelemnul [*.....]
Gold:   14         SH:  9    Dex: 12    Spells: 2/2 levels left

rFire    . . .     SeeInvis .   a - +0 war axe
rCold    . . .     Gourm    .   c - +0 shield
rNeg     . . .     Faith    .   b - +0 scale mail
rPois    .         Spirit   .   (no helmet)
rElec    .         Reflect  .   (no cloak)
rCorr    .         Harm     .   (no gloves)
MR       .....                  (no boots)
Stlth    ..........             (no amulet)
HPRegen  0.09/turn              (no ring)
MPRegen  0.08/turn              (no ring)

@: no status effects
A: powered by pain 1, rot immunity
a: Animate Remains, Renounce Religion


You were on level 3 of the Dungeon.
You worshipped Yredelemnul.
Yredelemnul was aware of your devotion.
You were not hungry.

You visited 1 branch of the dungeon, and saw 3 of its levels.

You collected 14 gold pieces.

Inventory:

Hand Weapons
 a - a +0 war axe (weapon)
Missiles
 j - 8 poisoned darts (quivered)
Armour
 b - a +0 scale mail (worn)
 c - a +0 shield (worn)
Scrolls
 e - a scroll of enchant armour {unknown}
Potions
 d - a potion of might
 h - a potion of heal wounds {unknown}
 i - a potion of ambrosia {unknown}
 k - a potion of mutation {unknown}
Comestibles
 f - a ration
 g - a chunk of flesh


   Skills:
 + Level 3.3 Fighting
 + Level 2.1 Axes
 - Level 3.0 Armour
 + Level 3.1 Shields


You had 2 spell levels left.
You didn't know any spells.
Your spell library contained the following spells:

 Spells                   Type           Power        Failure   Level  Hunger
 Confusing Touch          Hex            #.....       99%         1    ##.....
 Confuse                  Hex            #.......     100%        3    ####...
 Gell's Gravitas          Tloc           #.........   100%        3    ####...
 Petrify                  Tmut/Erth      #.......     100%        4    #####..
 Metabolic Englaciation   Hex/Ice        #.........   100%        5    ######.
 Yara's Violent Unravell  Hex/Tmut       #.........   100%        5    ######.


Dungeon Overview and Level Annotations

Branches:
Dungeon (3/15)

Altars:
Yredelemnul


Innate Abilities, Weirdness & Mutations

You sometimes gain a little power by taking damage.
You are immune to rotting.


Message History

The river rat is severely wounded.
The river rat bites you but does no damage.
You block the river rat's attack.
You hit the river rat.
You kill the river rat!
Yredelemnul accepts your kill.
You have reached level 3!
Your experience leads to an increase in your attributes!
Increase (S)trength, (I)ntelligence, or (D)exterity?
You feel stronger.
Your demonic ancestry asserts itself...
You feel immune to rotting.
You hear the brisk rusting of a drain nearby.
The river rat bites you but does no damage.
Huge Dmg: -10%(-3hp) hp: 32%(9hp)
You hit the river rat but do no damage. The river rat bites you.
* * * LOW HITPOINT WARNING * * *
Huge Dmg: -7%(-2hp) hp: 25%(7hp)
You closely miss the river rat. The river rat bites you!
You die...
Your body rises from the dead as a mindless zombie.

#####...≈≈≈#.#
#.
#.......≈≈≈#.#
#.
#.######≈≈##.#
#. #.#
##≈##.####.
#.# #≈##......
#.# ########.≈
#.# #.. #.#
### #@# #r# ≈


#rr ≈ #.#. ..... ≈≈. .. .≈≈ ... ≈≈≈≈≈ ..# You could see a river rat and 2 rats.

Vanquished Creatures
  2 river rats (D:3)
  An ooze (D:3)
  2 giant cockroaches
  A goblin (D:2)
  A kobold (D:3)
  2 ball pythons (D:3)
  A frilled lizard (D:2)
  A rat (D:3)
11 creatures vanquished.

Notes
Turn   | Place    | Note
-------+----------+-------------------------------------------
     0 | D:1      | Lexodia the Demonspawn Fighter began the quest for the Orb.
     0 | D:1      | Reached XP level 1. HP: 18/18 MP: 1/1
    57 | D:3      | Found a faded altar of an unknown god.
    89 | D:3      | Became a worshipper of Yredelemnul the Dark
    89 | D:3      | Reached * piety under Yredelemnul
    90 | D:3      | Gained mutation: You sometimes gain a little power by
                  | taking damage. [demonic ancestry]
    90 | D:3      | Reached XP level 2. HP: 24/24 MP: 2/2
   228 | D:3      | Gained mutation: You are immune to rotting. [demonic
                  | ancestry]
   228 | D:3      | Reached XP level 3. HP: 8/29 MP: 3/3
   229 | D:3      | Huge Dmg: 3 dmg
   230 | D:3      | Huge Dmg: 2 dmg
   230 | D:3      | Slain by a river rat

Levels and vault maps discovered:
D:1:      dpeg_arrival_line_fractal, layout_basic
D:2:      kennysheep_six_static_rooms, layout_rooms, lemuel_round_altar
D:3:      layout_basic, lemuel_crystal_altar, first_ration, serial_rivers,
          chequers_serial_rivers_micro_d, chequers_serial_rivers_small_3,
          chequers_serial_rivers_marsh, chequers_serial_rivers_micro_c,
          chequers_ecumenical_altar_island, portal_sewer_entry_e, uniq_terence

Skill      XL: |  1  2 |
---------------+-------+-----
Axes           | 2 |  2.1
Armour         | 3 |  3.0
Shields        | 3 |  3.1
Fighting       | |  3.3

Action                   || total
-------------------------++-------
Melee: War axe           ||    43
Armor: Scale mail        ||    17
Dodge: Dodged            ||    15
Block: Shield            ||    24

Table legend:
 A = Non-vault XP
 B = Vault XP
 C = Vault XP percentage of total XP
 D = Non-vault monster count
 E = Vault monster count
 F = Vault count percentage of total count
                 A         B        C        D         E       F
            +---------+---------+-------+---------+---------+-------
      Total |      15 |      32 |  68.1 |       6 |       5 |  45.5
            +---------+---------+-------+---------+---------+-------
        D:2 |       5 |       0 |   0.0 |       3 |       0 |   0.0
        D:3 |      10 |      32 |  76.2 |       3 |       5 |  62.5
            +---------+---------+-------+---------+---------+-------
